 Dungeon Crawl Stone Soup version 0.25.1-2-g60ff931df9 (webtiles) character file.

Game seed: 16055866173152499024

97 Erymatos the Chopper (level 4, -2/41 HPs)
             Began as a Minotaur Berserker on Nov 11, 2020.
             Was a Believer of Trog.
             Killed by divine providence
             ... invoked by an orc priest
              (17 damage)
             ... on level 3 of the Dungeon.
             The game lasted 00:01:44 (2415 turns).

Erymatos the Chopper (Minotaur Berserker)           Turns: 2415, Time: 00:01:45

Health: -2/41      AC: 12    Str: 22    XL:     4   Next: 42%
Magic:  3/3        EV:  8    Int:  4    God:    Trog [**....]
Gold:   147        SH:  0    Dex: 10    Spells: 3/3 levels left

rFire    . . .     SeeInvis .   a - +0 hand axe
rCold    . . .     Gourm    .   (no shield)
rNeg     . . .     Faith    .   r - +0 chain mail
rPois    .         Spirit   .   (helmet restricted)
rElec    .         Reflect  .   (no cloak)
rCorr    .         Harm     .   p - +2 pair of gloves
MR       .....                  (no boots)
Stlth    ..........             (no amulet)
HPRegen  0.13/turn              (no ring)
MPRegen  0.08/turn              (no ring)

@: no status effects
A: retaliatory headbutt, horns 2
a: Berserk, Trog's Hand, Renounce Religion


You were on level 3 of the Dungeon.
You worshipped Trog.
Trog was pleased with you.
You were not hungry.

You visited 1 branch of the dungeon, and saw 3 of its levels.

You collected 147 gold pieces.

Inventory:

Hand Weapons
 a - a +0 hand axe (weapon)
Armour
 b - a +0 animal skin
 p - a +2 pair of gloves (worn)
 r - a +0 chain mail (worn)
Scrolls
 d - a scroll of identify {unknown}
 e - a scroll of fog {unknown}
 l - a scroll of amnesia {unknown}
 m - 2 scrolls of remove curse {unknown}
 q - a scroll of enchant weapon {unknown}
Potions
 f - a potion of might {unknown}
 g - a potion of cancellation {unknown}
 h - 4 potions of curing {unknown}
 i - a potion of stabbing {unknown}
 j - a potion of mutation {unknown}
 k - a potion of flight {unknown}
 n - 2 potions of brilliance {unknown}
 s - a potion of lignification {unknown}
Comestibles
 c - 5 rations
 o - 9 chunks of flesh


   Skills:
 + Level 4.4 Fighting
 + Level 5.2 Axes
 + Level 3.0 Armour
 + Level 2.6 Dodging


You had 3 spell levels left.
You didn't know any spells.
Your spell library was empty.

Dungeon Overview and Level Annotations

Branches:
Dungeon (3/15)

Altars:

Portals:
Sewer: D:3


Innate Abilities, Weirdness & Mutations

You reflexively headbutt those who attack you in melee.
You have a pair of horns on your head.


Message History

There are monsters nearby!
The orc priest hits you but does no damage.
The orc priest begins to cast a cantrip, but forgets the words!
The orc wizard casts a cantrip, but nothing happens.
Unknown command.
There are monsters nearby!
You completely miss the orc priest. You hit the orc.
The orc priest closely misses you.
The orc priest begins to cast a cantrip, but forgets the words!
The orc hits you but does no damage.
Unknown command.
There are monsters nearby!
You hit the orc. Your headbutt misses the orc.
The orc is heavily wounded.
You hit the orc priest.
The orc priest mumbles some strange prayers to Beogh against you.
Beogh smites you!
The orc priest mumbles some strange prayers to Beogh against you.
Beogh smites you!
You die...

.....)....#[..## .#
.####......>(..##.######
#...(........#......#
#....................
#....................
##...................
##...##...#.........
##########.........
#.@o...... ##.o......
#oo...... .........
......... #<...?....
#......... #.........


You could see 2 orc priests, an orc wizard and an orc.

Vanquished Creatures
  A river rat (D:3)
  3 adders (D:2)
  3 worms
  A leopard gecko (D:2)
  An orc (D:3)
  3 bats
  2 bat zombies (D:1)
  4 giant cockroaches
  3 goblins
  7 hobgoblins
  2 quokkas (D:3)
  2 ball pythons
  4 frilled lizards
  7 kobolds
  7 rats
50 creatures vanquished.

Notes
Turn   | Place    | Note
-------+----------+-------------------------------------------
     0 | D:1      | Erymatos the Minotaur Berserker began the quest for the
                  | Orb.
     0 | D:1      | Reached XP level 1. HP: 19/19 MP: 0/0
   251 | D:1      | Reached XP level 2. HP: 20/27 MP: 1/1
   358 | D:1      | Reached skill level 4 in Axes
   973 | D:2      | Reached XP level 3. HP: 33/33 MP: 2/2
  1583 | D:2      | Found a faded altar of an unknown god.
  1680 | D:2      | Reached ** piety under Trog
  2186 | D:3      | Reached XP level 4. HP: 39/40 MP: 3/3
  2232 | D:3      | Reached skill level 5 in Axes
  2281 | D:3      | Found a glowing drain.
  2415 | D:3      | Killed from afar by an orc priest

Illustrated notes

Levels and vault maps discovered:
D:1:      saegor_arrival_fortress, layout_rooms
D:2:      layout_basic, chequers_ecumenical_altar_simple_redux
D:3:      layout_rooms, portal_sewer_entry_a

Skill      XL: |  1  2  3  4 |
---------------+-------------+-----
Axes           | 4 5 |  5.2
Fighting       | 4 |  4.4
Armour         | 3 |  3.0
Dodging        | |  2.6

Action                   |  1- 3 |  4- 6 || total
-------------------------+-------+-------++-------
Melee: Hand axe          |    82 |    32 ||   114
       Headbutt          |    13 |     4 ||    17
Invok: Berserk           |     1 |       ||     1
  Eat: Chunk             |     5 |     1 ||     6
Armor: Animal skin       |    14 |     1 ||    15
       Chain mail        |       |    10 ||    10
Dodge: Dodged            |    41 |    21 ||    62
